 Dungeon Crawl Stone Soup version 0.25-a0-667-gb977e01cb5 (webtiles) character file.

Game seed: 8592145101814373836, levelgen mode: deterministic

32 Alarkh the Ruffian (level 3, 13/29 HPs)
             Began as a Demonspawn Fighter on Mar 27, 2020.
             Got out of the dungeon alive.
             The game lasted 00:01:16 (683 turns).

Alarkh the Ruffian (Demonspawn Fighter)              Turns: 683, Time: 00:01:16

Health: 13/29      AC:  8    Str: 16    XL:     3   Next: 8%
Magic:  3/3        EV:  6    Int: 10    God:
Gold:   102        SH:  8    Dex: 12    Spells: 2/2 levels left

rFire    . . .     SeeInvis .     - Unarmed
rCold    . . .     Gourm    .   b - +0 kite shield
rNeg     . . .     Faith    .   a - +0 scale mail
rPois    .         Spirit   .   (no helmet)
rElec    .         Reflect  .   (no cloak)
rCorr    .         Harm     .   (no gloves)
MR       .....                  (no boots)
Stlth    +.........             (no amulet)
HPRegen  0.09/turn              (no ring)
MPRegen  0.08/turn              (no ring)

@: no status effects
A: icy blue scales 1, nightstalker 1
a: no special abilities


You escaped.
You were not hungry.

You visited 1 branch of the dungeon, and saw 2 of its levels.

You collected 102 gold pieces.

Inventory:

Armour
 a - a +0 scale mail (worn)
 b - a +0 kite shield (worn)
Scrolls
 g - a scroll of enchant weapon {unknown}
 h - a scroll of teleportation {unknown}
 i - a scroll of amnesia {unknown}
 j - a scroll of identify {unknown}
 k - a scroll of fear {unknown}
 l - a scroll of fog {unknown}
Potions
 c - a potion of might
 e - a potion of brilliance {unknown}
 f - a potion of resistance {unknown}
Comestibles
 d - 2 rations
 m - 3 chunks of flesh


   Skills:
 - Level 3.0 Fighting
 - Level 2.6 Armour
 - Level 2.6 Shields
 + Level 3.2 Unarmed Combat


You had 2 spell levels left.
You didn't know any spells.
Your spell library was empty.

Dungeon Overview and Level Annotations

Branches:
Dungeon (2/15)

Altars:


Innate Abilities, Weirdness & Mutations

You are partially covered in icy blue scales. (AC +2)
You are slightly more attuned to the shadows.


Message History

You hit the hobgoblin.
The hobgoblin is almost dead.
The hobgoblin hits you but does no damage.
You hit the hobgoblin.
You kill the hobgoblin!
You feel sick.
You hit the jackal.
You kill the jackal!
Things that are here:
a +0 club; a jackal corpse You feel sick.
You are no longer poisoned.
You see here a runed cloak.
There isn't anything to butcher here.
There is a stone staircase leading up here.
You climb upwards.
There is a stone staircase leading down here.
There is a staircase leading out of the dungeon here.
Are you sure you want to leave the Dungeon?
This will make you lose the game!
You have escaped!

#...... ##########......
#............... #.#########..)..
#.# ##.... ##'##############
####### ♣♣♣♣..<.≈≈≈≈≈≈≈≈≈#..
......# ♣♣>.....≈≈PP≈≈≈≈..'.#
......# #♣...@.≈≈≈PPP≈≈....###
......# ###.....≈≈PPP≈≈≈....♣#
......# #.'....≈≈≈≈≈≈≈.....♣♣
..##### #.#≈≈≈≈≈≈..<.....♣♣♣ #^#
#.#########'############ #.#
#.###>......# #........
#.########........#### #.....###
#...........##....#######.....#
....#########..)..............###


There were no monsters in sight!

Vanquished Creatures
  An adder (D:2)
  A dart slug (D:1)
  A leopard gecko (D:1)
  A giant cockroach (D:1)
  3 goblins (D:1)
  5 hobgoblins
  2 jackals (D:2)
  A bat (D:1)
  A kobold (D:1)
  2 rats (D:1)
18 creatures vanquished.

Notes
Turn   | Place    | Note
-------+----------+-------------------------------------------
     0 | D:1      | Alarkh the Demonspawn Fighter began the quest for the Orb.
     0 | D:1      | Reached XP level 1. HP: 18/18 MP: 1/1
   181 | D:1      | Gained mutation: You are slightly more attuned to the
                  | shadows. [demonic ancestry]
   181 | D:1      | Reached XP level 2. HP: 14/24 MP: 2/2
   662 | D:2      | Gained mutation: You are partially covered in icy blue
                  | scales. (AC +2) [demonic ancestry]
   662 | D:2      | Reached XP level 3. HP: 17/29 MP: 3/3
   683 | D:$      | Got out of the dungeon alive.

Levels and vault maps discovered:
D:1:      tarquinn_simple_flora_water_c, layout_rooms
D:2:      layout_loops_ring, first_ration, st_stairs_13

Skill      XL: |  1  2 |
---------------+-------+-----
Unarmed Combat | 2 3 |  3.2
Fighting       | |  3.0
Armour         | |  2.6
Shields        | |  2.6

Action                   || total
-------------------------++-------
Melee: Unarmed           ||    82
Armor: Scale mail        ||    33
Dodge: Dodged            ||    36
Block: Kite shield       ||    51

Table legend:
 A = Non-vault XP
 B = Vault XP
 C = Vault XP percentage of total XP
 D = Non-vault monster count
 E = Vault monster count
 F = Vault count percentage of total count
                 A         B        C        D         E       F
            +---------+---------+-------+---------+---------+-------
      Total |      46 |       0 |   0.0 |      18 |       0 |   0.0
            +---------+---------+-------+---------+---------+-------
        D:1 |      27 |       0 |   0.0 |      14 |       0 |   0.0
        D:2 |      19 |       0 |   0.0 |       4 |       0 |   0.0
            +---------+---------+-------+---------+---------+-------
